 Dungeon Crawl Stone Soup version 0.31-a0-1603-gbec6b6ccbf (webtiles) character file.

Game seed: 11211478367626815590

88 Sabo the Ducker (level 4, 0/41 HPs)
             Began as a Gnoll Monk on Jan 5, 2024.
             Slain by a cerulean imp
             ... wielding a +1 spear
             ... summoned by Natasha
              (1 damage)
             ... on level 2 of the Dungeon on Jan 7, 2024.
             The game lasted 00:09:05 (1703 turns).

Sabo the Ducker (Gnoll Monk)                        Turns: 1703, Time: 00:09:05

Health: 0/41       AC:  6    Str: 13    XL:     4   Next: 54%
Magic:  5/5        EV: 14    Int:  9    God:
Gold:   44         SH:  0    Dex: 14    Spells: 5/5 levels left

rFire   . . .        a - +0 hand axe
rCold   . . .        d - orb {light}
rNeg    . . .        p - +0 leather armour
rPois   .            h - +0 helmet
rElec   .            (no cloak)
rCorr   .            o - +0 pair of gloves
SInv    .            k - +0 pair of boots
Will    .....        i - amulet of magic regeneration
Stlth   +            (no ring)
HPRegen 0.26/turn    (no ring)
MPRegen 0.49/turn

%: no passive effects
@: glowing
A: fangs 1, strong nose, distributed training
a: no special abilities


You were on level 2 of the Dungeon.
You visited 1 branch of the dungeon, and saw 2 of its levels.

You collected 44 gold pieces.

Inventory:

Hand Weapons
 a - a +0 hand axe (weapon)
 b - a +0 sling
Armour
 d - an orb of light (worn)
 h - a +0 helmet (worn)
 k - a +0 pair of boots (worn)
 o - a +0 pair of gloves (worn)
 p - a +0 leather armour (worn)
 r - a +0 robe of cold resistance
Jewellery
 i - an amulet of magic regeneration (around neck)
Scrolls
 e - a scroll of poison
 f - a scroll of noise {unknown}
 g - a scroll of teleportation
 l - a scroll of fear {unknown}
 m - a scroll of vulnerability {unknown}
Potions
 c - a potion of ambrosia
 j - a potion of berserk rage {unknown}
 n - a potion of curing {unknown}
 q - a potion of brilliance {unknown}


   Skills:
 + Level 6.6 Fighting
 + Level 1.2 Short Blades
 + Level 1.2 Long Blades
 + Level 6.6 Axes
 + Level 1.2 Maces & Flails
 + Level 1.2 Polearms
 + Level 1.2 Staves
 + Level 1.2 Ranged Weapons
 + Level 1.2 Throwing
 + Level 1.2 Armour
 + Level 6.6 Dodging
 + Level 1.2 Stealth
 + Level 1.2 Shields
 + Level 1.2 Unarmed Combat
 + Level 1.2 Spellcasting
 + Level 1.0 Conjurations
 + Level 1.0 Hexes
 + Level 1.0 Summonings
 + Level 1.0 Necromancy
 + Level 1.0 Translocations
 + Level 1.0 Fire Magic
 + Level 1.0 Ice Magic
 + Level 1.0 Air Magic
 + Level 1.0 Earth Magic
 + Level 1.0 Alchemy
 + Level 1.3 Invocations
 + Level 1.2 Evocations
 + Level 1.1 Shapeshifting


You had 5 spell levels left.
You didn't know any spells.
Your spell library was empty.

Dungeon Overview and Level Annotations

Branches:
Dungeon (2/15)

Altars:

Shops:
D:1 !

Annotations:
D:2 Natasha


Innate Abilities, Weirdness & Mutations

You have very sharp teeth.
Your uncanny sense of smell can sniff out nearby items.
Your experience applies equally to all skills.


Message History

You see here a coppery potion.
Natasha mumbles some strange words.
The cerulean imp hits you but does no damage.
A kobold comes into view. It is wielding a +0 club.
The adder barely misses you.
Natasha wildly gestures.
Natasha's front paws start to glow.
Natasha mumbles some strange words.
The cerulean imp hits you but does no damage.
The cerulean imp hits you from afar with a +2 spear.
You hit Natasha.
Natasha is moderately wounded.
You barely miss the adder. The adder barely misses you.
Natasha claws you but does no damage. The adder barely misses you.
The cerulean imp misses you.
The cerulean imp hits you from afar with a +2 spear.
You hit Natasha but do no damage. You bite Natasha.
Natasha is heavily wounded.
You hit the adder. Natasha claws you. The adder closely misses you.
The cerulean imp closely misses you. x3
You hit Natasha but do no damage.
Natasha is heavily wounded.
You closely miss the adder. The adder closely misses you. Natasha claws you!
The cerulean imp hits you from afar with a +2 spear.
* * * LOW HITPOINT WARNING * * *
The cerulean imp hits you from afar with a +1 spear.
* * * LOW HITPOINT WARNING * * *
The cerulean imp closely misses you.
You barely miss Natasha.
Natasha is heavily wounded.
You hit the adder.
You kill the adder!
Natasha claws you!
* * * LOW HITPOINT WARNING * * *
The cerulean imp hits you from afar with a +2 spear.
* * * LOW HITPOINT WARNING * * *
You hit Natasha. Your bite misses Natasha.
Natasha is severely wounded.
The cerulean imp hits you from afar with a +1 spear.
You die...

#.......# ######
##†.....# ∆ .....#
#†......## . ####.#
#........####.. #.#
#..........?...
#.#####).............
#.....†......555.....
########....!h.......
#.#...@..K....
#.............
###.......#|..
##......#### ########


You could see Natasha, 3 cerulean imps and a kobold.

Vanquished Creatures
  3 gnolls (D:2)
  An adder (D:2)
  2 dart slugs (D:1)
  4 ball pythons
  3 endoplasms
  2 giant cockroaches (D:1)
  5 goblins
  5 hobgoblins (D:1)
  5 jackals
  A quokka (D:1)
  2 bats
  2 frilled lizards (D:1)
  5 kobolds
  4 rats
44 creatures vanquished.

Notes
Turn   | Place    | Note
-------+----------+-------------------------------------------
     0 | D:1      | Sabo the Gnoll Monk began the quest for the Orb.
     0 | D:1      | Reached XP level 1. HP: 23/23 MP: 1/1
   143 | D:1      | Reached XP level 2. HP: 27/29 MP: 2/2
   687 | D:1      | Reached XP level 3. HP: 35/35 MP: 3/3
   978 | D:1      | Reached skill level 1 in Invocations
  1080 | D:1      | Found Paomm's Distillery.
  1226 | D:2      | Reached skill level 1 in Short Blades
  1226 | D:2      | Reached skill level 1 in Long Blades
  1226 | D:2      | Reached skill level 1 in Maces & Flails
  1226 | D:2      | Reached skill level 1 in Polearms
  1226 | D:2      | Reached skill level 1 in Staves
  1226 | D:2      | Reached skill level 1 in Ranged Weapons
  1226 | D:2      | Reached skill level 1 in Throwing
  1226 | D:2      | Reached skill level 1 in Armour
  1226 | D:2      | Reached skill level 1 in Stealth
  1226 | D:2      | Reached skill level 1 in Shields
  1226 | D:2      | Reached skill level 1 in Unarmed Combat
  1226 | D:2      | Reached skill level 1 in Spellcasting
  1226 | D:2      | Reached skill level 1 in Evocations
  1282 | D:2      | Reached skill level 1 in Shapeshifting
  1282 | D:2      | Reached XP level 4. HP: 21/41 MP: 5/5
  1459 | D:2      | Upgraded the game from 0.31-a0-1589-g8f5e8aebd6 to
                  | 0.31-a0-1603-gbec6b6ccbf
  1673 | D:2      | Reached skill level 1 in Conjurations
  1673 | D:2      | Reached skill level 1 in Hexes
  1673 | D:2      | Reached skill level 1 in Summonings
  1673 | D:2      | Reached skill level 1 in Necromancy
  1673 | D:2      | Reached skill level 1 in Translocations
  1673 | D:2      | Reached skill level 1 in Fire Magic
  1673 | D:2      | Reached skill level 1 in Ice Magic
  1673 | D:2      | Reached skill level 1 in Air Magic
  1673 | D:2      | Reached skill level 1 in Earth Magic
  1673 | D:2      | Reached skill level 1 in Alchemy
  1689 | D:2      | Noticed Natasha
  1702 | D:2      | HP: 1/41 [cerulean imp/+2 spear[Natasha] (3)]
  1703 | D:2      | Slain by a cerulean imp

Illustrated notes

Levels and vault maps discovered:
D:1:      onia_arrival_pyramid, layout_basic, serial_shops,
          nicolae_lakefront_shop, minmay_misc_feat_rows, minivault_5
D:2:      layout_loops_ring, kennysheep_decorative_pillar, uniq_natasha

Skill      XL: |  1  2  3  4 |
---------------+-------------+-----
Invocations    | 1 |  1.3
Short Blades   | 1 |  1.2
Long Blades    | 1 |  1.2
Maces & Flails | 1 |  1.2
Polearms       | 1 |  1.2
Staves         | 1 |  1.2
Ranged Weapons | 1 |  1.2
Throwing       | 1 |  1.2
Armour         | 1 |  1.2
Stealth        | 1 |  1.2
Shields        | 1 |  1.2
Unarmed Combat | 1 |  1.2
Spellcasting   | 1 |  1.2
Evocations     | 1 |  1.2
Shapeshifting  | 1 |  1.1
Conjurations   | 1 |  1.0
Hexes          | 1 |  1.0
Summonings     | 1 |  1.0
Necromancy     | 1 |  1.0
Translocations | 1 |  1.0
Fire Magic     | 1 |  1.0
Ice Magic      | 1 |  1.0
Air Magic      | 1 |  1.0
Earth Magic    | 1 |  1.0
Alchemy        | 1 |  1.0
Fighting       | |  6.6
Axes           | |  6.6
Dodging        | |  6.6

Action                     |  1- 3 |  4- 6 || total
---------------------------+-------+-------++-------
  Melee: Hand axe          |    70 |    33 ||   103
         Bite              |     8 |     7 ||    15
    Use: Scroll            |     2 |       ||     2
 Armour: Robe              |    27 |     1 ||    28
         Leather armour    |       |    27 ||    27
  Dodge: Dodged            |    61 |    39 ||   100

Table legend: (Time is in decaauts)
 A = Elapsed time spent in this place.
 B = Non-inter-level travel time spent in this place.
 C = Inter-level travel time spent in this place.
 D = Time resting spent in this place.
 E = Time spent auto-exploring this place.
 F = Levels seen in this place.
 G = Mean time per level.
                   A        B        C        D        E       F      G
               +--------+--------+--------+--------+--------+-----+--------+
         Total |   1701 |   1701 |      0 |    244 |      0 |   2 |  850.5 |
       Dungeon |   1701 |   1701 |      0 |    244 |      0 |   2 |  850.5 |
               +--------+--------+--------+--------+--------+-----+--------+

Top non-repeatable levels by time:
     D:1: 1196 daAuts
     D:2: 504 daAuts
